 Dungeon Crawl Stone Soup version 0.29.1-15-g9cfb28693d (webtiles) character file.

Game seed: 4627841497683214552

519 croobank the Covert (level 7, -4/49 HPs)
             Began as an Octopode Delver on Feb 25, 2023.
             Slain by a gnoll
             ... wielding a +0 club
              (5 damage)
             ... on level 4 of the Dungeon.
             The game lasted 00:09:29 (3265 turns).

croobank the Covert (Octopode Delver)               Turns: 3265, Time: 00:09:29

Health: -4/49      AC:  1    Str: 11    XL:     7   Next: 21%
Magic:  7/7        EV: 14    Int: 15    God:
Gold:   222        SH:  0    Dex: 13    Spells: 6/6 levels left

rFire   . . .      SeeInvis .   a - +3 war axe
rCold   . . .      Faith    .   (no shield)
rNeg    . . .      Spirit   .   (helmet restricted)
rPois   .          Reflect  .   s - amulet of magic regeneration
rElec   .          Harm     .   w - +4 ring of slaying
rCorr   .          Rampage  .   (no ring)
Will    .....                   (no ring)
Stlth   +++++.....              (no ring)
HPRegen 0.16/turn               (no ring)
MPRegen 0.50/turn               (no ring)
                                (no ring)
                                (no ring)

@: no status effects
A: almost no armour, amphibious, 8 rings, camouflage 1, gelatinous body 1,
(nimble swimmer 1), tentacles
a: no special abilities


You were on level 4 of the Dungeon.
You visited 1 branch of the dungeon, and saw 5 of its levels.
You also visited: Sewer.

You collected 222 gold pieces.

Inventory:

Hand Weapons
 a - a +3 war axe (weapon)
 b - a +0 sling
 h - a +0 spear
 i - a +0 trident of venom
 j - a +0 sling
 q - a +0 morningstar
 u - a +0 dagger
Missiles
 g - 18 poisoned darts (quivered)
Jewellery
 s - an amulet of magic regeneration (around mantle)
 w - a +4 ring of slaying (left tentacle)
 B - a ring of ice
Wands
 c - a wand of mindburst (7)
 f - a wand of digging (2)
 k - a wand of flame (5)
Scrolls
 d - 3 scrolls of fear
 o - 2 scrolls of teleportation
 p - 2 scrolls of fog
 r - a scroll of immolation
 t - a scroll of poison
 v - a scroll of identify
 y - 2 scrolls of magic mapping
 z - a scroll of vulnerability
Potions
 e - 2 potions of haste
 l - 3 potions of flight
 m - 3 potions of curing
 n - a potion of heal wounds
 x - a potion of lignification
 A - 2 potions of might


   Skills:
 + Level 4.7 Fighting
 + Level 4.1 Axes
 + Level 4.1 Dodging
 + Level 8.4 Stealth


You had 6 spell levels left.
You didn't know any spells.
Your spell library contained the following spells:

 Spells                   Type           Power      Damage    Failure   Level
 Dispersal                Tloc           0%         N/A       100%        6
 Disjunction              Tloc           0%         N/A       100%        8


Dungeon Overview and Level Annotations

Branches:
Dungeon (5/15)             Temple (0/1) D:4           Sewer (visited)

Altars:
Nemelex Xobeh
Sif Muna


Innate Abilities, Weirdness & Mutations

You cannot wear most types of armour.
You are amphibious.
You can wear up to eight rings at the same time.
Your skin changes colour to match your surroundings (Stealth+).
Your rubbery body absorbs attacks. (AC +1, EV +1)
((You are camouflaged when in or above water. (Stealth+)))
You have tentacles for arms and can constrict up to eight enemies at once.


Message History

The helpless dart slug fails to defend itself.
You hit the dart slug. You grab the dart slug.
The dart slug is moderately wounded.
You constrict the dart slug. The dart slug completely misses you.
You slash the dart slug!
You kill the dart slug!
No target in view!
You see here a dart slug corpse. 3 gnolls come into view.
The gnoll shouts!
The gnoll hits you from afar with a +0 spear.
The gnoll shouts!
A gnoll comes into view. It is wielding a +0 spear.
You slash the gnoll! You grab the gnoll. You squeeze the gnoll.
You kill the gnoll!
You hear a shout!
The gnoll hits you from afar with a +0 spear.
The gnoll hits you with a +0 spear!
The gnoll hits you from afar with a +0 spear!
You see here a +0 whip.
You are too injured to fight recklessly!
You are too injured to fight recklessly!
You are too injured to fight recklessly!
You are too injured to fight recklessly!
You are too injured to fight recklessly!
You are too injured to fight recklessly!
You barely miss the gnoll. You grab the gnoll. You constrict the gnoll.
The gnoll hits you with a +0 spear. The gnoll barely misses you.
You hit the gnoll. You squeeze the gnoll.
The gnoll is heavily wounded.
You constrict the gnoll. The gnoll hits you with a +0 spear.
You slash the gnoll!
You kill the gnoll!
The gnoll hits you from afar with a +0 spear!
* * * LOW HITPOINT WARNING * * *
You barely miss the gnoll. Your grab misses the gnoll.
The gnoll hits you with a +0 club!
* * * LOW HITPOINT WARNING * * *
The gnoll closely misses you. The gnoll hits you with a +0 club.
You die...

*#...≈≈≈~~~~~~~~~~,,*
##**......≈~≈≈≈≈~~~,,,,**
#.,..>.....,≈≈≈≈~,,,,,,,*
..##.....,,,...,,,,,,,,,*
.......,,***#..*******,,*
.....#**** #.#* *,,,,**
.....# #.# *,**** ...<.#
##.#####.#
...).#######....@g..#
.............#####g##
.....########......#
......####......####
..............###
.......####†###########
....#..####'####......#
....##.+.......'......#
...##*##.#..†#.#......#


You could see 2 gnolls.

Vanquished Creatures
  A black bear (D:4)
  2 kobold brigands (Sewer)
  A howler monkey (D:4)
  A jelly (D:4)
  An orc priest (D:3)
  A hound (D:4)
  Terence (D:2)
  3 adders (D:4)
  2 gnolls (D:4)
  A river rat (Sewer)
  A worm (D:3)
  4 dart slugs
  3 orcs (D:3)
  6 endoplasms
  3 giant cockroaches
  A goblin (D:4)
  6 hobgoblins
  4 jackals
  11 kobolds
  3 quokkas
  8 ball pythons
  3 bats
  7 frilled lizards
  8 rats
82 creatures vanquished.

Notes
Turn   | Place    | Note
-------+----------+-------------------------------------------
     0 | D:5      | croobank the Octopode Delver began the quest for the Orb.
     0 | D:5      | Reached XP level 1. HP: 16/16 MP: 1/1
    39 | D:4      | Noticed a howler monkey
    44 | D:4      | Killed a howler monkey
    45 | D:4      | Reached skill level 7 in Stealth
    45 | D:4      | Reached XP level 2. HP: 18/21 MP: 2/2
    45 | D:4      | Reached XP level 3. HP: 23/26 MP: 3/3
    86 | D:4      | Reached XP level 4. HP: 20/31 MP: 4/4
   125 | D:4      | Found a glowing drain.
   130 | Sewer    | Entered a sewer
   289 | Sewer    | Noticed a kobold brigand
   291 | Sewer    | Noticed a kobold brigand
   299 | Sewer    | Killed a kobold brigand
   300 | Sewer    | Reached XP level 5. HP: 35/37 MP: 5/5
   305 | Sewer    | Killed a kobold brigand
   306 | Sewer    | Reached XP level 6. HP: 29/43 MP: 6/6
   440 | Sewer    | Found a white marble altar of Elyvilon.
  1022 | D:1      | Found a faded altar of an unknown god.
  1457 | D:1      | Reached skill level 8 in Stealth
  2229 | D:2      | Found a shimmering blue altar of Sif Muna.
  2240 | D:2      | Noticed Terence
  2252 | D:2      | Killed Terence
  3076 | D:4      | Noticed a black bear
  3085 | D:4      | Killed a black bear
  3086 | D:4      | Reached XP level 7. HP: 46/49 MP: 7/7
  3199 | D:4      | Found a sparkling altar of Nemelex Xobeh.
  3265 | D:4      | HP: 1/49 [gnoll/+0 club (7)]
  3265 | D:4      | Slain by a gnoll

Illustrated notes

Levels and vault maps discovered:
D:1:      noname_arrival_rooms_in_the_neighbourhood, layout_basic,
          hellmonk_ecumenical_altar_blasted, minmay_pentomino_s2
D:2:      layout_basic, basic_altar, item_on_display_a, uniq_terence
D:3:      layout_loops_corners, amcnicky_mini_rare_corridor_liquid
D:4:      layout_rooms, mainiacjoe_overflow_six_doors_small, temple_pool_b,
          portal_sewer_entry_e, kennysheep_boxes
D:5:      layout_basic, grunt_decor_arrowhead, uniq_pikel, uniq_eustachio,
          uniq_sigmund, uniq_ijyb

Skill      XL: |  1  2  3  4  5  6 |
---------------+-------------------+-----
Stealth        | 7 8 |  8.4
Axes           | 3 4 |  4.1
Dodging        | 3 4 |  4.1
Fighting       | 4 |  4.7

Action                   |  1- 3 |  4- 6 |  7- 9 || total
-------------------------+-------+-------+-------++-------
Melee: Hand axe          |     5 |    73 |       ||    78
       Tentacles         |     2 |    19 |     4 ||    25
       Constrict         |     1 |    23 |     7 ||    31
       War axe           |       |    15 |    19 ||    34
       Punch             |       |     1 |       ||     1
 Fire: Sling             |       |    31 |       ||    31
Evoke: Wand              |     2 |     9 |       ||    11
  Use: Scroll            |     1 |     9 |       ||    10
 Stab: Sleeping          |     1 |    14 |     4 ||    19
Armor: Skin              |       |     4 |       ||     4
Dodge: Dodged            |     3 |    50 |     8 ||    61
